 Dungeon Crawl Stone Soup version 0.28-a0-657-g71136c5590 (webtiles) character file.

Game seed: 7074969640436442549

123 senseless the Sneak (level 5, -4/36 HPs)
             Began as an Octopode Brigand on Oct 13, 2021.
             Was a Believer of Cheibriados.
             Slain by an ice beast (9 damage)
             ... on level 6 of the Dungeon.
             The game lasted 00:09:02 (2589 turns).

senseless the Sneak (Octopode Brigand)              Turns: 2589, Time: 00:09:03

Health: -4/36      AC:  1    Str: 19    XL:     5   Next: 7%
Magic:  5/5        EV: 11    Int: 18    God:    Cheibriados [**....]
Gold:   98         SH:  8    Dex: 17    Spells: 4/4 levels left

rFire   x . .      SeeInvis .   n - +8 short sword "Irustuk" {holy, rPois rF- Str+4}
rCold   . . .      Faith    .   e - +0 kite shield
rNeg    . . .      Spirit   .   (helmet restricted)
rPois   +          Reflect  .   (no amulet)
rElec   .          Harm     .   (no ring)
rCorr   .          Rampage  .   (no ring)
Will    .....                   (no ring)
Stlth   ++++......              (no ring)
HPRegen 0.12/turn               (no ring)
MPRegen 0.09/turn               (no ring)
                                (no ring)
                                (no ring)

@: very slow
A: almost no armour, amphibious, 8 rings, camouflage 1, gelatinous body 1,
(nimble swimmer 1), tentacles
a: Renounce Religion, Bend Time


You were on level 6 of the Dungeon.
You worshipped Cheibriados.
Cheibriados was pleased with you.
You visited 1 branch of the dungeon, and saw 4 of its levels.

You collected 98 gold pieces.

Inventory:

Hand Weapons
 a - a +2 dagger
 n - the +8 short sword "Irustuk" (weapon) {holy, rPois rF- Str+4}
   (You found it on level 6 of the Dungeon)

   It has been blessed by the Shining One to cause great damage to the undead
   and demons.
   Str:       It affects your strength (+4).
   rF:        It makes you vulnerable to fire.
   rPois:     It protects you from poison.
Missiles
 b - 6 poisoned darts
 c - 2 curare-tipped darts
 j - 3 boomerangs (quivered)
Armour
 e - a +0 kite shield (worn)
Scrolls
 d - a scroll of vulnerability {unknown}
 g - a scroll of fog {unknown}
Potions
 f - a potion of flight {unknown}
 h - a potion of might {unknown}
 i - a potion of haste {unknown}
 k - a potion of invisibility {unknown}
 l - a potion of lignification {unknown}
 m - 2 potions of curing {unknown}


   Skills:
 * Level 3.1 Fighting
 + Level 2.0 Short Blades
 + Level 2.5 Throwing
 * Level 2.3 Dodging
 * Level 6.1 Stealth
 + Level 1.2 Shields


You had 4 spell levels left.
You didn't know any spells.
Your spell library contained the following spells:

 Spells                   Type           Power      Damage    Failure   Level
 Hailstorm                Conj/Ice       0%         3d3       100%        4
 Ice Form                 Ice/Tmut       0%         N/A       100%        4
 Simulacrum               Ice/Necr       0%         N/A       100%        6


Dungeon Overview and Level Annotations

Branches:
Dungeon (3/15)

Altars:
Cheibriados
Gozag

Shops:
D:1 *


Innate Abilities, Weirdness & Mutations

You cannot wear most types of armour.
You are amphibious.
You can wear up to eight rings at the same time.
Your skin changes colour to match your surroundings (Stealth+).
Your rubbery body absorbs attacks. (AC +1, EV +1)
((You are camouflaged near water. (Stealth+)))
You have tentacles for arms and can constrict up to eight enemies at once.


Message History

No reachable target in view!
An orc is nearby!
The orc shouts!
An orc wizard comes into view. It is wielding a +0 dagger.
Found an opulent altar of Gozag.
Found 15 sling bullets.
Found a stone staircase leading down.
You fall into a shaft and drop 3 floors!
The shaft crumbles and collapses.
Found 16 gold pieces.
Found a stone staircase leading down.
Found an escape hatch in the floor.
You now have 98 gold pieces (gained 16).
Found a bloodstained short sword.
Found a stone staircase leading down.
You see here the +8 short sword "Irustuk" {holy, rPois rF- Str+4}.
n - the +8 short sword "Irustuk" {holy, rPois rF- Str+4} You feel stronger.
The +8 short sword "Irustuk" {holy, rPois rF- Str+4} softly glows with a divine radiance!
n - the +8 short sword "Irustuk" (weapon)
{holy, rPois rF- Str+4}
Found a robe.
Found a polished scale mail.
An ice beast comes into view.
An iguana comes into view.
You closely miss the ice beast. You block the ice beast's attack.
The ice beast closely misses you.
You puncture the ice beast! You squeeze the ice beast!
The ice beast is almost dead.
The ice beast hits you. The ice beast freezes you!
You closely miss the ice beast.
You squeeze the ice beast, but do no damage.
The ice beast is almost dead.
The ice beast hits you. The ice beast freezes you!
* * * LOW HITPOINT WARNING * * *
Okay, then.
You hit the ice beast.
The ice beast is almost dead.
You block the ice beast's attack. The ice beast hits you.
* * * LOW HITPOINT WARNING * * *
The ice beast freezes you!
You die...

PP≈≈.≈. ≈≈≈.≈..≈≈..###.#
≈≈..... ≈≈P.......## #.#
....... ...#####.# #.#
....... #.#####.# #.#
.......## #.......# #.#
....l...# #.....### #.#
#.# #.....# #.# #Y#
#.....######.#
#@###............#
#######.....###..#######
..............#..#
##..........#.#..#
+.......##.#.#..#
#........#.#....#
#......#+#.###.##
#....... ..# #.#
#.[...#.. ..# #.#


You could see an ice beast.

Vanquished Creatures
  6 adders
  2 worms
  2 dart slugs (D:1)
  An orc (D:3)
  4 ball pythons
  3 endoplasms
  4 giant cockroaches
  6 goblins
  10 hobgoblins
  2 jackals (D:1)
  3 quokkas (D:2)
  4 bats
  A frilled lizard (D:1)
  5 kobolds
  4 rats
57 creatures vanquished.

Notes
Turn   | Place    | Note
-------+----------+-------------------------------------------
     0 | D:1      | senseless the Octopode Brigand began the quest for the Orb.
     0 | D:1      | Reached XP level 1. HP: 14/14 MP: 1/1
    87 | D:1      | Reached XP level 2. HP: 14/19 MP: 2/2
   383 | D:1      | Found Kudoru Foun's General Store.
   616 | D:1      | Reached XP level 3. HP: 25/25 MP: 3/3
  1390 | D:2      | Found a faded altar of an unknown god.
  1396 | D:2      | Prayed at the altar of an unknown god.
  1396 | D:2      | Became a worshipper of Cheibriados the Contemplative
  1396 | D:2      | Reached * piety under Cheibriados
  1472 | D:2      | Reached XP level 4. HP: 30/30 MP: 4/4
  1837 | D:2      | Reached skill level 6 in Stealth
  1837 | D:2      | Reached skill level 1 in Shields
  2121 | D:3      | Reached ** piety under Cheibriados
  2265 | D:3      | Reached XP level 5. HP: 36/36 MP: 5/5
  2490 | D:3      | Found an opulent altar of Gozag.
  2510 | D:3      | You fall into a shaft and drop 3 floors!
  2570 | D:6      | Identified the +8 short sword "Irustuk" {holy, rPois rF-
                  | Str+4}
  2579 | D:6      | Noticed an ice beast
  2589 | D:6      | Slain by an ice beast

Illustrated notes

Levels and vault maps discovered:
D:1:      zaba_arrival_water, layout_loops_cross, serial_shops,
          nicolae_shop_waterfront
D:2:      layout_rooms, dreamdust_ecumenical_altar_angels_and_demons,
          serial_corexii_hall, corexii_hall_statues_l, chequers_hall_statues_y,
          chequers_hall_statues_y, chequers_hall_statues_y, minivault_26,
          st_stairs_1, lightli_corner_chamber
D:3:      layout_basic, mainiacjoe_overflow_concentric_impassable
D:6:      minmay_bubble_buster, layout_basic, lemuel_tele_altar,
          mainiacjoe_overflow_surrounded_room, chequers_big_river,
          chequers_serial_rivers_micro_e

Skill      XL: |  1  2  3  4 |
---------------+-------------+-----
Dodging        | 2 |  2.3
Fighting       | 3 |  3.1
Stealth        | 6 |  6.1
Shields        | 1 |  1.2
Short Blades   | |  2.0
Throwing       | |  2.5

Action                   |  1- 3 |  4- 6 || total
-------------------------+-------+-------++-------
Melee: Dagger            |    68 |    37 ||   105
       Constrict         |    16 |    11 ||    27
       Tentacles         |     9 |     9 ||    18
       Short sword       |       |     4 ||     4
Throw: Dart              |     3 |     4 ||     7
 Stab: Sleeping          |    11 |     7 ||    18
       Distracted        |       |     1 ||     1
Armor: Skin              |     2 |     1 ||     3
Dodge: Dodged            |    22 |    10 ||    32
Block: Kite shield       |    13 |    13 ||    26

Table legend: (Time is in decaauts)
 A = Elapsed time spent in this place.
 B = Non-inter-level travel time spent in this place.
 C = Inter-level travel time spent in this place.
 D = Time resting spent in this place.
 E = Time spent auto-exploring this place.
 F = Levels seen in this place.
 G = Mean time per level.
                   A        B        C        D        E       F      G
               +--------+--------+--------+--------+--------+-----+--------+
         Total |   2988 |   2881 |    107 |      0 |   2381 |   4 |  747.0 |
       Dungeon |   2988 |   2881 |    107 |      0 |   2381 |   4 |  747.0 |
               +--------+--------+--------+--------+--------+-----+--------+

Top non-repeatable levels by time:
     D:1: 1165 daAuts
     D:2: 1093 daAuts
     D:3: 616 daAuts
     D:6: 112 daAuts
